 Dungeon Crawl Stone Soup version 0.18.1-47-g9310371 (webtiles) character file.

1358 forly the Firebug (level 8, -4/58 HPs)
             Began as a Yellow Draconian Fire Elementalist on June 22, 2016.
             Was a Believer of Nemelex Xobeh.
             Slain by a hippogriff (6 damage)
             ... on level 5 of the Dungeon on June 23, 2016.
             The game lasted 01:21:27 (6237 turns).

forly the Firebug (DrFE)                            Turns: 6237, Time: 01:21:31

Health: -4/58      AC:  6    Str: 10    XL:     8   Next: 37%
Magic:  11/15      EV: 13    Int: 18    God:    Nemelex Xobeh [**....]
Gold:   340        SH:  0    Dex: 12    Spells: 3 memorised, 7 levels left

rFire  + . .     SeeInvis .     g - staff of energy
rCold  x . .     Gourm    .     (armour unavailable)
rNeg   . . .     Faith    +     (no shield)
rPois  .         Spirit   .     (helmet restricted)
rElec  .         Dismiss  .     (no cloak)
rCorr  +         Reflect  .     (no gloves)
SustAt .         Harm     .     (no boots)
MR     .....                    h - amulet of faith
Stlth  ++........               (no ring)
                                z - ring of fire

@: not resistant to hostile enchantments, unstealthy
A: spit acid, acid resistance, unfitting armour, cold-blooded, AC +6
a: Spit Acid, Renounce Religion


You were on level 5 of the Dungeon.
You worshipped Nemelex Xobeh.
Nemelex Xobeh was pleased with you.
You were not hungry.

You visited 1 branch of the dungeon, and saw 5 of its levels.

You collected 340 gold pieces.

Inventory:

Hand Weapons
 k - a +0 dagger
 m - a cursed -2 hunting sling
 p - a +2 dagger of electrocution
 r - a +1 whip of freezing
 y - a +1 spear of venom
Missiles
 i - 5 silver javelins (quivered)
Armour
 x - a +0 robe
 E - a +0 robe
Magical Staves
 g - an uncursed staff of energy (weapon)
Jewellery
 f - an uncursed amulet of rage {unknown}
 h - an amulet of faith (around neck)
 t - an uncursed amulet of the gourmand {unknown}
 z - a ring of fire (left hand)
 F - an uncursed amulet of dismissal {unknown}
Wands
 d - a wand of acid (7/15)
Scrolls
 e - a scroll of immolation {unknown}
 n - 2 scrolls of magic mapping
 q - a scroll of remove curse
 u - a scroll of enchant armour {unknown}
 A - 3 scrolls of identify {unknown}
 B - a scroll of recharging
Potions
 c - a potion of lignification {unknown}
 o - a potion of might
 s - 2 potions of magic
 v - a potion of brilliance
 w - 2 potions of agility
 I - a potion of ambrosia {unknown}
Books
 a - a book of Flames

   Spells                             Type                      Level
   a - Flame Tongue                   Conjuration/Fire             1
   b - Throw Flame                    Conjuration/Fire             2
   c - Conjure Flame                  Conjuration/Fire             3
   d - Inner Flame                    Hexes/Fire                   3
   e - Sticky Flame                   Conjuration/Fire             4
   f - Fireball                       Conjuration/Fire             5
 j - a book of Summonings

   Spells                             Type                      Level
   a - Recall                         Summoning/Translocation      3
   b - Aura of Abjuration             Summoning                    5
   c - Summon Demon                   Summoning                    5
   d - Summon Forest                  Summoning/Translocation      5
   e - Summon Mana Viper              Hexes/Summoning              5
   f - Shadow Creatures               Summoning                    6
Miscellaneous
 l - an ornate deck of escape {drawn: 4}
 C - a plain deck of destruction {drawn: 6}
Comestibles
 b - 2 bread rations
 G - a beef jerky
 H - a meat ration


   Skills:
 + Level 0.9 Fighting
 + Level 0.4 Short Blades
 - Level 0.1 Throwing
 + Level 4.2 Dodging
 + Level 3.2 Stealth
 + Level 4.9 Spellcasting
 + Level 4.4 Conjurations
 * Level 1.6 Summonings
 + Level 5.5 Fire Magic
 + Level 2.0 Evocations


You had 7 spell levels left.
You knew the following spells:

 Your Spells              Type           Power        Failure   Level  Hunger
a - Flame Tongue          Conj/Fire      ####.        1%          1    None
b - Conjure Flame         Conj/Fire      ####....     6%          3    None
c - Summon Demon          Summ           ##........   99%         5    None


Dungeon Overview and Level Annotations

Branches:
Dungeon (5/15)
 Temple: D:4-7

Altars:
Dithmenos
Nemelex Xobeh
Okawaru
Ru
Sif Muna
Yredelemnul
Zin
The Shining One

Annotations:
D:5 nikoo's ghost, novice HuFi


Innate Abilities, Weirdness & Mutations

You can spit globs of acid.
You are resistant to acid.
Your golden yellow scales are hard (AC +6).
Your body does not fit into most forms of armour.
You are cold-blooded and may be slowed by cold attacks.


Message History

* * * LOW HITPOINT WARNING * * *
The hippogriff pecks you.
* * * LOW HITPOINT WARNING * * *
The hippogriff claws you but does no damage.
Evoke which item? (* to show all) (? for menu, Esc to quit)
You draw a card...
It is the Tomb.
Nothing appears to happen.
Nikoo's ghost misses you. The hippogriff bites you.
* * * LOW HITPOINT WARNING * * *
The hippogriff pecks you.
* * * LOW HITPOINT WARNING * * *
The hippogriff barely misses you.
Evoke which item? (* to show all) (? for menu, Esc to quit)
You draw a card...
It is Swap.
You swap places with the hippogriff.
Nikoo's ghost barely misses you. The hippogriff bites you.
* * * LOW HITPOINT WARNING * * *
The hippogriff pecks you.
* * * LOW HITPOINT WARNING * * *
The hippogriff claws you.
You die...
Your body disappears without a glow.

##c§.(.....#.#.#.#.
♣P≈....##...###.#.#.#.
≈♣≈≈##.##......#.#.#.
≈≈P...........#.#.#.# .
≈P≈#.#.#.###.# #W#.
.≈♣P≈#.#.#.##### ##.##
PP≈P≈≈.......# #...#
PP≈PPP.#.#...### #...#
#.P≈≈.##@......# #...#
..PPP.#HW......# #...#
....#####......###...####
. #.#.#<...........[..
#.#.#...............
#.#.####............
#.#.# ######...#### ....#
######...# #.###
##.<.##...#


You could see a hippogriff and nikoo's ghost.

Vanquished Creatures
  Sigmund (D:4)
  A hungry ghost (D:4)
  A wasp (D:4)
  2 slaves (D:4)
  An ice beast (D:4)
  A scorpion (D:5)
  An orc priest (D:3)
  An iguana (D:4)
  2 worker ants
  6 adders
  3 worms
  3 dart slugs
  2 giant geckos
  4 orcs (D:3)
  A ball python (D:2)
  6 giant cockroaches
  18 goblins
  11 hobgoblins
  5 jackals
  7 bats
  11 giant newts
  A jackal zombie (D:5)
  15 kobolds
  5 rats
109 creatures vanquished.

Vanquished Creatures (collateral kills)
  Pikel (D:4)
  The ghost of schammes the Shield-Bearer, a novice HOFi (D:4)
  A howler monkey (D:4)
  A hound (D:4)
  An ooze (D:4)
5 creatures vanquished.

Vanquished Creatures (others)
  A worm (D:4)
  An orc (D:4)
2 creatures vanquished.

Grand Total: 116 creatures vanquished

Notes
Turn   | Place    | Note
--------------------------------------------------------------
     0 | D:1      | forly the Draconian Fire Elementalist began the quest for the Orb.
     0 | D:1      | Reached XP level 1. HP: 14/14 MP: 3/3
   288 | D:1      | Reached XP level 2. HP: 9/20 MP: 0/5
  1038 | D:1      | Reached XP level 3. HP: 26/26 MP: 1/6
  1867 | D:2      | Reached XP level 4. HP: 33/33 MP: 4/7
  2213 | D:2      | Found a sparkling altar of Nemelex Xobeh.
  2219 | D:2      | Became a worshipper of Nemelex Xobeh the Trickster
  2440 | D:2      | Received a gift from Nemelex Xobeh
  3008 | D:2      | Learned a level 3 spell: Conjure Flame
  3170 | D:3      | Found an iron altar of Okawaru.
  3562 | D:3      | Found a deep blue altar of Sif Muna.
  3618 | D:3      | Reached XP level 5. HP: 19/38 MP: 1/9
  3743 | D:3      | Reached * piety under Nemelex Xobeh
  3898 | D:3      | Found a basalt altar of Yredelemnul.
  3917 | D:3      | Noticed a profane servitor
  3940 | D:3      | Found a glowing golden altar of the Shining One.
  3942 | D:3      | Noticed an angel
  4022 | D:3      | Found a glowing silver altar of Zin.
  4219 | D:3      | Received a gift from Nemelex Xobeh
  4339 | D:4      | Reached skill level 4 in Fire Magic
  4393 | D:4      | Noticed a slave
  4394 | D:4      | Noticed a slave
  4394 | D:4      | Noticed Pikel
  4394 | D:4      | Noticed a slave
  4399 | D:4      | Noticed schammes's ghost (novice HOFi)
  4412 | D:4      | Noticed a slave
  4421 | D:4      | Killed a slave
  4422 | D:4      | Killed a slave
  4424 | D:4      | Killed Pikel
  4424 | D:4      | Reached skill level 1 in Evocations
  4424 | D:4      | Reached XP level 6. HP: 45/45 MP: 1/11
  4424 | D:4      | Your scales start taking on a golden yellow colour.
  4424 | D:4      | Reached XP level 7. HP: 50/50 MP: 1/12
  4430 | D:4      | Killed schammes's ghost
  4611 | D:4      | Reached skill level 5 in Fire Magic
  4781 | D:4      | Found a sacrificial altar of Ru.
  5207 | D:4      | Noticed Sigmund
  5225 | D:4      | Learned a level 5 spell: Summon Demon
  5241 | D:4      | Killed Sigmund
  5241 | D:4      | Reached XP level 8. HP: 58/58 MP: 10/14
  5308 | D:4      | Found a shadowy altar of Dithmenos.
  5380 | D:4      | Reached skill level 1 in Summonings
  5640 | D:4      | Received a gift from Nemelex Xobeh
  5861 | D:5      | Entered Level 5 of the Dungeon
  5868 | D:5      | Noticed nikoo's ghost (novice HuFi)
  5975 | D:5      | Reached ** piety under Nemelex Xobeh
  6237 | D:5      | HP: 2/58 [hippogriff (5)]
  6237 | D:5      | Slain by a hippogriff

Skill      XL: |  1  2  3  4  5  6  7  8 |
---------------+-------------------------+-----
Dodging        | 2 3 4 |  4.2
Stealth        | 2 3 |  3.2
Conjurations   | 2 3 4 |  4.4
Spellcasting   | 3 4 |  4.9
Fire Magic     | 4 5 |  5.5
Evocations     | 1 2 |  2.0
Summonings     | 1 |  1.6
Fighting       | |  0.9
Short Blades   | |  0.4
Throwing       | |  0.1

Action                   |  1- 3 |  4- 6 |  7- 9 || total
-------------------------+-------+-------+-------++-------
Melee: Unarmed           |    18 |       |       ||    18
       Tailslap          |     4 |       |     2 ||     6
       Dagger            |    16 |    29 |    10 ||    55
       Staff             |       |       |     1 ||     1
Throw: Stone             |    14 |     3 |       ||    17
       Javelin           |     1 |       |       ||     1
 Cast: Flame Tongue      |    78 |    75 |    50 ||   203
       Conjure Flame     |       |     6 |     5 ||    11
 Abil: Spit Acid         |       |       |     1 ||     1
Evoke: Deck              |       |    10 |     7 ||    17
       Wand              |       |       |     1 ||     1
  Use: Potion            |     3 |       |     4 ||     7
       Scroll            |       |     1 |     4 ||     5
 Stab: Sleeping          |       |     1 |       ||     1
  Eat: Pizza             |     1 |       |       ||     1
       Bread ration      |     1 |     1 |     1 ||     3
       Meat ration       |       |     1 |       ||     1
       Chunk             |       |     1 |       ||     1
Armor: Skin              |    26 |    22 |    11 ||    59
Dodge: Dodged            |    53 |    41 |    47 ||   141
